cohdb
Replays
Latest Replays
All Replays
Popular Replays
Top Player Replays
Match Explorer
How It Works
Community
CoH3 Stats
Reddit
Sign in to upload your games and track your stats! →
Sign in with Steam
Match 40955778
Unlisted
Match 40955778
Overview
Messages
Build Orders
End
Panzergrenadier Squad
Selects Battlefield Espionage Battlegroup
250 Light Carrier
Panzergrenadier Squad
Construct Light Support Kompanie
Combat Half-tracks
Fire Support Elements
Panzerjäger Squad
Construct Mechanized Kompanie
Selects Intel Disruption Beacon
Veteran Squad Leaders
Selects Plunder
StuG III D Assault Gun
Vehicle Survival Package
Construct Panzerarmee Kommand
Armored Reserves
Para_Dilshan
Woodpecker
令人发疯的电脑
SKOS
pkdel
XezoStaParka
xinyoucai
Evilmunki
0
0
Comments
sign in to comment!
No comments posted yet!